| TOP OF THE 1ST |
|
Trenton Thunder batting - Pitching for Bowie Baysox : RHP Andy Rondeau
|
|
Pitching: RHP Andy Rondeau
|
|
|
Batting: LHB Frank Mullen
|
0-0: Ball 1-0: Swinging Strike 1-1: Foul Ball, location: 2F 1-2: Ground out 5-3 (Groundball, 56, EV 90.6 MPH)
|
|
Batting: LHB Matt Steinke
|
0-0: Ball 1-0: Swinging Strike 1-1: Ground out 4-3 (Groundball, 4, EV 106.9 MPH)
|
|
Batting: RHB Jeremy Lewis
|
0-0: Called Strike 0-1: Swinging Strike 0-2: Ground out 6-3 (Groundball, 6, EV 103.8 MPH)
|
| Top of the 1st over - 0 runs, 0 hits, 0 errors, 0 left on base; Trenton 0 - Bowie 0 |
| BOTTOM OF THE 1ST |
|
Bowie Baysox batting - Pitching for Trenton Thunder : RHP Gabe Pomales
|
|
Pitching: RHP Gabe Pomales
|
|
|
Batting: RHB Orlando Melchor
|
0-0: Ball 1-0: Called Strike 1-1: Ground out 6-3 (Groundball, 6M, EV 101.9 MPH)
|
|
Batting: RHB Chase Cassidy
|
0-0: Ball 1-0: Ball 2-0: Called Strike 2-1: Foul Ball, location: 2F 2-2: Foul Ball, location: 2F 2-2: SINGLE (Groundball, P, EV 85.0 MPH) (infield hit)
|
|
Batting: RHB Dermott Neill
|
0-0: Ball 1-0: Grounds into double play, 5-4-3 (Groundball, 56, EV 80.0 MPH)
|
| Bottom of the 1st over - 0 runs, 1 hit, 0 errors, 0 left on base; Trenton 0 - Bowie 0 |
| TOP OF THE 2ND |
|
Trenton Thunder batting - Pitching for Bowie Baysox : RHP Andy Rondeau
|
|
Batting: SHB David Bantista
|
0-0: Foul Ball, location: 2F 0-1: SINGLE (Groundball, 4MD, EV 100.6 MPH)
|
|
Batting: RHB Ryan Alban
|
0-0: Called Strike 0-1: Called Strike 0-2: Strikes out swinging
|
|
Batting: LHB Ryan Rodgers
|
0-0: Grounds into double play, 4-6-3 (Groundball, 4, EV 81.2 MPH)
|
| Top of the 2nd over - 0 runs, 1 hit, 0 errors, 0 left on base; Trenton 0 - Bowie 0 |
| BOTTOM OF THE 2ND |
|
Bowie Baysox batting - Pitching for Trenton Thunder : RHP Gabe Pomales
|
|
Batting: SHB Ryan Palermo
|
0-0: Called Strike 0-1: Swinging Strike 0-2: Ball 1-2: Foul Ball, location: 2F 1-2: Strikes out looking
|
|
Batting: LHB Andrew Erens
|
0-0: Ball 1-0: Called Strike 1-1: Ball 2-1: Swinging Strike 2-2: Ball 3-2: Strikes out swinging, 2-3 out at first.
|
|
Batting: SHB Justin Toth
|
0-0: SOLO HOME RUN (Flyball, 89XD, EV 112.5 MPH), Distance : 418 ft
|
|
Batting: RHB Dan Staggs
|
0-0: Swinging Strike 0-1: Swinging Strike 0-2: Ball 1-2: Foul Ball, location: 2F 1-2: Strikes out looking
|
| Bottom of the 2nd over - 1 run, 1 hit, 0 errors, 0 left on base; Trenton 0 - Bowie 1 |
| TOP OF THE 3RD |
|
Trenton Thunder batting - Pitching for Bowie Baysox : RHP Andy Rondeau
|
|
Batting: RHB Jeremy Hathcock
|
0-0: Called Strike 0-1: Ground out 4-3 (Groundball, 4, EV 77.5 MPH)
|
|
Batting: SHB Roberto Castaneda
|
0-0: Ball 1-0: Ground out 4-3 (Groundball, 4, EV 80.0 MPH)
|
|
Batting: RHB Stu Rancourt
|
0-0: Ball 1-0: Called Strike 1-1: Ball 2-1: Ball 3-1: Swinging Strike 3-2: Strikes out swinging
|
| Top of the 3rd over - 0 runs, 0 hits, 0 errors, 0 left on base; Trenton 0 - Bowie 1 |
| BOTTOM OF THE 3RD |
|
Bowie Baysox batting - Pitching for Trenton Thunder : RHP Gabe Pomales
|
|
Batting: RHB Ashton Holloway
|
0-0: Swinging Strike 0-1: Swinging Strike 0-2: Strikes out swinging
|
|
Batting: RHB Jon Zimmerman
|
0-0: Called Strike 0-1: Ball 1-1: Ball 2-1: Called Strike 2-2: Foul Ball, location: 2F 2-2: Ball 3-2: SOLO HOME RUN (Flyball, 7LD, EV 95.6 MPH), Distance : 361 ft
|
|
Batting: RHB Orlando Melchor
|
0-0: Called Strike 0-1: Foul Ball, location: 2F 0-2: Ball 1-2: Foul Ball, location: 2F 1-2: Ball 2-2: Ground out 4-3 (Groundball, 4, EV 84.4 MPH)
|
|
Batting: RHB Chase Cassidy
|
0-0: Called Strike 0-1: Foul Ball, location: 2F 0-2: Ground out 5-3 (Groundball, 5, EV 79.4 MPH)
|
| Bottom of the 3rd over - 1 run, 1 hit, 0 errors, 0 left on base; Trenton 0 - Bowie 2 |
| TOP OF THE 4TH |
|
Trenton Thunder batting - Pitching for Bowie Baysox : RHP Andy Rondeau
|
|
Batting: LHB Frank Mullen
|
0-0: Ball 1-0: Foul Ball, location: 2F 1-1: Foul Ball, location: 2F 1-2: Ball 2-2: Ground out 6-3 (Groundball, 6, EV 86.2 MPH)
|
|
Batting: LHB Matt Steinke
|
0-0: Ball 1-0: SINGLE (Groundball, 3D, EV 101.2 MPH)
|
|
Batting: RHB Jeremy Lewis
|
0-0: Grounds into double play, 4-6-3 (Groundball, 34, EV 86.2 MPH)
|
| Top of the 4th over - 0 runs, 1 hit, 0 errors, 0 left on base; Trenton 0 - Bowie 2 |
| BOTTOM OF THE 4TH |
|
Bowie Baysox batting - Pitching for Trenton Thunder : RHP Gabe Pomales
|
|
Batting: RHB Dermott Neill
|
0-0: Ball 1-0: Ball 2-0: SINGLE (Line Drive, 34, EV 103.8 MPH)
|
|
Batting: SHB Ryan Palermo
|
0-0: Called Strike 0-1: Foul Ball, location: 2F 0-2: Ball 1-2: Fielders Choice at 2nd, 3-6 (Groundball, 3, EV 90.0 MPH)
|
|
Batting: LHB Andrew Erens
|
0-0: Ball 1-0: Swinging Strike 1-1: Ball 2-1: Called Strike 2-2: Foul Ball, location: 2F 2-2: Foul Ball, location: 2F 2-2: Foul Ball, location: 2F 2-2: Foul Ball, location: 2F 2-2: Ball 3-2: Base on Balls Ryan Palermo to second
|
|
Batting: SHB Justin Toth
|
0-0: Foul Ball, location: 2F 0-1: Swinging Strike 0-2: Ball 1-2: SINGLE (Groundball, 34D, EV 104.4 MPH) Ryan Palermo to third Andrew Erens to second Runner from 3rd tries for Home, SAFE, throw by RF to home
|
|
Batting: RHB Dan Staggs
|
0-0: Called Strike Andrew Erens steals 3rd base Justin Toth to second 0-1: Ball 1-1: Called Strike 1-2: Ball 2-2: Ball 3-2: Foul Ball, location: 2F 3-2: Fly out, F9 (Flyball, 9LD, EV 98.1 MPH) Runner from 3rd tags up, SCORES, no throw by RF Justin Toth to third
|
|
Batting: RHB Ashton Holloway
|
0-0: Swinging Strike 0-1: Ball 1-1: Called Strike 1-2: Ball 2-2: Ball 3-2: 2-RUN HOME RUN (Flyball, 7D, EV 97.5 MPH), Distance : 369 ft
|
|
Pitching: RHP Enrique Fuentes
|
|
|
Batting: RHB Jon Zimmerman
|
0-0: SINGLE (Line Drive, 7S, EV 110.0 MPH)
|
|
Batting: RHB Orlando Melchor
|
0-0: Ball 1-0: Foul Ball, location: 2F 1-1: Ball 2-1: Ball 3-1: Fielders Choice at 2nd, 6-4 (Groundball, 6, EV 86.9 MPH)
|
| Bottom of the 4th over - 4 runs, 4 hits, 0 errors, 1 left on base; Trenton 0 - Bowie 6 |
| TOP OF THE 5TH |
|
Trenton Thunder batting - Pitching for Bowie Baysox : RHP Andy Rondeau
|
|
Batting: SHB David Bantista
|
0-0: Fly out, F9 (Flyball, 89M, EV 86.9 MPH)
|
|
Batting: RHB Ryan Alban
|
0-0: Ball 1-0: SINGLE (Line Drive, 4D, EV 97.5 MPH)
|
|
Batting: LHB Ryan Rodgers
|
0-0: Ball 1-0: Ball 2-0: Ball 3-0: Called Strike 3-1: Foul Ball, location: 2F 3-2: Foul Ball, location: 2F 3-2: Base on Balls Ryan Alban to second
|
|
Batting: RHB Jeremy Hathcock
|
0-0: Called Strike 0-1: Ball 1-1: Grounds into double play, 4-6-3 (Groundball, 4, EV 101.2 MPH)
|
| Top of the 5th over - 0 runs, 1 hit, 0 errors, 1 left on base; Trenton 0 - Bowie 6 |
| BOTTOM OF THE 5TH |
|
Bowie Baysox batting - Pitching for Trenton Thunder : RHP Enrique Fuentes
|
|
Batting: RHB Chase Cassidy
|
0-0: Fly out, F4 (Popup, 4S, EV 66.9 MPH)
|
|
Batting: RHB Dermott Neill
|
0-0: Called Strike 0-1: Swinging Strike 0-2: Foul Ball, location: 2F 0-2: Foul Ball, location: 2F 0-2: Ball 1-2: Fly out, F7 (Flyball, 78S, EV 85.6 MPH)
|
|
Batting: SHB Ryan Palermo
|
0-0: Swinging Strike 0-1: Ball 1-1: Called Strike 1-2: Fly out, F6 (Flyball, 56D, EV 90.6 MPH)
|
| Bottom of the 5th over - 0 runs, 0 hits, 0 errors, 0 left on base; Trenton 0 - Bowie 6 |
| TOP OF THE 6TH |
|
Trenton Thunder batting - Pitching for Bowie Baysox : RHP Andy Rondeau
|
|
Batting: SHB Roberto Castaneda
|
0-0: Called Strike 0-1: Ball 1-1: Called Strike 1-2: Ball 2-2: Ball 3-2: Fly out, F7 (Flyball, 78XD, EV 98.8 MPH)
|
|
Batting: RHB Stu Rancourt
|
0-0: Ball 1-0: Called Strike 1-1: Ball 2-1: Ball 3-1: Base on Balls
|
|
Batting: LHB Frank Mullen
|
0-0: Ball 1-0: Called Strike 1-1: Ball 2-1: Called Strike 2-2: Ball 3-2: Ground out U3 (Groundball, 34S, EV 84.4 MPH) Stu Rancourt to second
|
|
Batting: LHB Matt Steinke
|
0-0: Ball 1-0: Ball 2-0: Ball 3-0: Foul Ball, location: 2F 3-1: Called Strike 3-2: Fly out, F8 (Flyball, 8LM, EV 90.6 MPH)
|
| Top of the 6th over - 0 runs, 0 hits, 0 errors, 1 left on base; Trenton 0 - Bowie 6 |
| BOTTOM OF THE 6TH |
|
Bowie Baysox batting - Pitching for Trenton Thunder : RHP Enrique Fuentes
|
|
Batting: LHB Andrew Erens
|
0-0: Called Strike 0-1: Fly out, F7 (Flyball, 7LS, EV 85.6 MPH)
|
|
Batting: SHB Justin Toth
|
0-0: Ball 1-0: Swinging Strike 1-1: Fly out, F9 (Flyball, 89M, EV 78.1 MPH)
|
|
Batting: RHB Dan Staggs
|
0-0: Ball 1-0: SINGLE (Flyball, 4D, EV 88.8 MPH) - OUT at second base trying to stretch hit.
|
| Bottom of the 6th over - 0 runs, 1 hit, 0 errors, 0 left on base; Trenton 0 - Bowie 6 |
| TOP OF THE 7TH |
|
Trenton Thunder batting - Pitching for Bowie Baysox : RHP Andy Rondeau
|
|
Batting: RHB Jeremy Lewis
|
0-0: Ball 1-0: Ball 2-0: Foul Ball, location: 2F 2-1: Foul Ball, location: 2F 2-2: Ball 3-2: SINGLE (Line Drive, 56D, EV 98.8 MPH)
|
|
Batting: SHB David Bantista
|
0-0: Ball 1-0: Called Strike 1-1: Called Strike 1-2: Strikes out looking
|
|
Batting: RHB Ryan Alban
|
0-0: Ball Pickoff Play to 1st, Runner tries for 2nd, OUT after rundown. 1-0: Ball 2-0: Ball 3-0: Called Strike 3-1: Base on Balls
|
|
Batting: LHB Ryan Rodgers
|
0-0: Ball 1-0: Ball 2-0: Called Strike 2-1: Fly out, F8 (Flyball, 78D, EV 99.4 MPH)
|
| Top of the 7th over - 0 runs, 1 hit, 0 errors, 1 left on base; Trenton 0 - Bowie 6 |
| BOTTOM OF THE 7TH |
|
Bowie Baysox batting - Pitching for Trenton Thunder : RHP Enrique Fuentes
|
|
Batting: RHB Ashton Holloway
|
0-0: Called Strike 0-1: Ball 1-1: Ball 2-1: Called Strike 2-2: Foul Ball, location: 2F 2-2: Foul Ball, location: 2F 2-2: Strikes out swinging
|
|
Batting: RHB Jon Zimmerman
|
0-0: Ball 1-0: Ground out 6-3 (Groundball, 6, EV 91.2 MPH)
|
|
Batting: RHB Orlando Melchor
|
0-0: Ball 1-0: Called Strike 1-1: Foul Ball, location: 2F 1-2: Ball 2-2: Foul Ball, location: 2F 2-2: Ball 3-2: Fly out, F9 (Flyball, 9, EV 80.6 MPH)
|
| Bottom of the 7th over - 0 runs, 0 hits, 0 errors, 0 left on base; Trenton 0 - Bowie 6 |
| TOP OF THE 8TH |
|
Trenton Thunder batting - Pitching for Bowie Baysox : RHP Andy Rondeau
|
|
Pitching: RHP Ferri Adam
|
|
|
Batting: RHB Jeremy Hathcock
|
0-0: Ball 1-0: Ball 2-0: Fly out, F9 (Flyball, 9D, EV 97.5 MPH)
|
|
Batting: SHB Roberto Castaneda
|
0-0: Ball 1-0: Ball 2-0: Ball 3-0: Base on Balls
|
|
Batting: RHB Stu Rancourt
|
0-0: Foul Ball, location: 2F 0-1: Ball 1-1: Grounds into double play, 3-6-1 (Groundball, 34, EV 110.0 MPH)
|
| Top of the 8th over - 0 runs, 0 hits, 0 errors, 0 left on base; Trenton 0 - Bowie 6 |
| BOTTOM OF THE 8TH |
|
Bowie Baysox batting - Pitching for Trenton Thunder : RHP Enrique Fuentes
|
|
Batting: RHB Chase Cassidy
|
0-0: Ball 1-0: Called Strike 1-1: Ball 2-1: Ground out 5-3 (Groundball, 56, EV 90.0 MPH)
|
|
Pitching: LHP Travis Lowy
|
|
|
Batting: RHB Dermott Neill
|
0-0: Ball 1-0: Ball 2-0: Called Strike 2-1: Ball 3-1: Fly out, F7 (Flyball, 78D, EV 93.8 MPH)
|
|
Batting: SHB Ryan Palermo
|
0-0: Foul Ball, location: 2F 0-1: Foul Ball, location: 2F 0-2: Ball 1-2: Ball 2-2: Foul Ball, location: 2F 2-2: Foul Ball, location: 2F 2-2: Foul Ball, location: 2F 2-2: Foul Ball, location: 2F 2-2: Fly out, F8 (Flyball, 8LXD, EV 93.1 MPH)
|
| Bottom of the 8th over - 0 runs, 0 hits, 0 errors, 0 left on base; Trenton 0 - Bowie 6 |
| TOP OF THE 9TH |
|
Trenton Thunder batting - Pitching for Bowie Baysox : RHP Ferri Adam
|
|
Batting: LHB Frank Mullen
|
0-0: Ball 1-0: Ball 2-0: Foul Ball, location: 2F 2-1: Swinging Strike 2-2: Ball 3-2: Foul Ball, location: 2F 3-2: DOUBLE (Flyball, 9LD, EV 103.1 MPH)
|
|
Batting: LHB Matt Steinke
|
0-0: Ball 1-0: SINGLE (Flyball, 7LS, EV 86.2 MPH) Frank Mullen to third
|
|
Batting: RHB Jeremy Lewis
|
0-0: SINGLE (Groundball, 6MD, EV 106.9 MPH) Frank Mullen scores Matt Steinke to second
|
|
Batting: SHB David Bantista
|
0-0: Fielders Choice at 2nd, 5-4 (Groundball, 5, EV 87.5 MPH) Matt Steinke to third
|
|
Batting: RHB Ryan Alban
|
0-0: Foul Ball, location: 2F 0-1: Called Strike 0-2: Ball 1-2: Fly out, F3 (Line Drive, 3, EV 66.2 MPH)
|
|
Batting: LHB Ryan Rodgers
|
0-0: Called Strike 0-1: Swinging Strike 0-2: Ball 1-2: Ball 2-2: Foul Ball, location: 2F 2-2: Fly out, F7 (Flyball, 7S, EV 79.4 MPH)
|
| Top of the 9th over - 1 run, 3 hits, 0 errors, 2 left on base; Trenton 1 - Bowie 6 |
|